 Dungeon Crawl Stone Soup version 0.28-a0-519-gbfeecf2fc5 (webtiles) character file.

Game seed: 15817739234057343790

269708 pezzrr the Warrior (level 19, -6/158 (169) HPs)
             Began as a Minotaur Fighter on Sept 23, 2021.
             Was a High Priest of Okawaru.
             Killed from afar by a deep elf annihilator (30 damage)
             ... with a bolt of lightning
             ... on level 3 of the Elven Halls.
             The game lasted 03:16:36 (43742 turns).

pezzrr the Warrior (Minotaur Fighter)              Turns: 43742, Time: 03:16:37

HP:   -6/158 (169)  AC: 26    Str: 26 (28) XL:     19   Next: 41%
MP:   22/24         EV: 14    Int: 11      God:    Okawaru [*****.]
Gold: 3646          SH: 18    Dex:  5      Spells: 18/18 levels left

rFire   + . .      SeeInvis .   y - +6 broad axe (vorpal)
rCold   + . .      Faith    .   U - +5 kite shield {rC+}
rNeg    . . .      Spirit   .   e - +1 plate armour {Will+}
rPois   +          Reflect  .   b - +2 hat {Will+}
rElec   .          Harm     .   l - scarf {repulsion}
rCorr   +          Rampage  .   g - +1 pair of gloves
Will    +++++      Rage     50% a - +2 pair of boots
Stlth   ..........              k - necklace of Bloodlust {*Rage Will++ Int-3 Slay+6}
HPRegen 0.36/turn               r - ring of poison resistance
MPRegen 0.19/turn               X - ring "Ujab" {rCorr EV+4 Int+9 Dex-4 Stlth+}

@: lethally poisoned (-6 -> -13), finesse-ful, on berserk cooldown, slowed,
drained, repel missiles, very slow
A: horns 2, retaliatory headbutt, clumsy 1, deterioration 1, fire resistance 1,
frail 1, no potion heal 1, subdued magic 1, noise suppression
}: 2/15 runes: decaying, gossamer
a: Renounce Religion, Heroism, Finesse, Duel


You were on level 3 of the Elven Halls.
You worshipped Okawaru.
Okawaru was extremely pleased with you.
You visited 7 branches of the dungeon, and saw 35 of its levels.
You also visited: Ice Cave.

You collected 4936 gold pieces.
You spent 1290 gold pieces at shops.

Inventory:

Hand Weapons
 j - a +4 war axe of flaming
 y - a +6 vorpal broad axe (weapon)
Missiles
 c - 4 throwing nets
 q - 66 poisoned darts (quivered)
 E - 6 silver javelins
 O - 5 atropa-tipped darts
 Y - 7 curare-tipped darts
Armour
 a - a +2 pair of boots (worn)
 b - a +2 hat of willpower (worn)
 e - a +1 plate armour of willpower (worn)
 g - a +1 pair of gloves (worn)
 l - a scarf of repulsion (worn)
 U - a +5 kite shield of cold resistance (worn)
 W - a +2 cloak
Jewellery
 k - the necklace of Bloodlust (around neck) {*Rage Will++ Int-3 Slay+6}
   (You bought it in a shop on level 2 of the Orcish Mines)

   [amulet of nothing]

   It extends the wearer's berserk rage when killing foes.
   Int:       It affects your intelligence (-3).
   Slay:      It affects your accuracy & damage with ranged weapons and melee
   (+6).
   *Rage:     It lets you go berserk by making a melee attack (+50% chance).
   Will:      It greatly increases your willpower.
 r - a ring of poison resistance (left hand)
 H - a ring of ice
 L - a ring of willpower
 N - a ring of protection from fire
 T - a ring of ice
 V - the ring of Qowetz {Fire rN++}
   (You found it on level 10 of the Dungeon)

   [ring of fire]

   It enhances your fire magic.
   rF:        It protects you from fire.
   rC:        It makes you vulnerable to cold.
   rN:        It greatly protects you from negative energy.
 X - the ring "Ujab" (right hand) {rCorr EV+4 Int+9 Dex-4 Stlth+}
   (You found it in an ice cave)

   [ring of evasion]

   EV:        It affects your evasion (+4).
   Int:       It affects your intelligence (+9).
   Dex:       It affects your dexterity (-4).
   rCorr:     It protects you from acid and corrosion.
   Stlth:     It makes you more stealthy.
Wands
 p - a wand of mindburst (15)
 t - a wand of paralysis (14)
 w - a wand of iceblast (22)
 F - a wand of acid (29)
 J - a wand of polymorph (24)
 Q - a wand of digging (6)
Scrolls
 f - 5 scrolls of teleportation
 n - a scroll of amnesia
 s - a scroll of holy word
 u - 5 scrolls of vulnerability
 v - 2 scrolls of fog
 x - 5 scrolls of immolation
 I - 2 scrolls of silence
 P - 3 scrolls of torment
 R - 5 scrolls of magic mapping
 S - 2 scrolls of enchant armour
Potions
 d - 4 potions of might
 h - 8 potions of curing
 i - 4 potions of lignification
 m - 2 potions of cancellation
 o - 8 potions of flight
 z - 2 potions of experience
 A - a potion of resistance
 C - a potion of haste
 D - 4 potions of heal wounds
 G - 7 potions of ambrosia
 K - 4 potions of invisibility
Miscellaneous
 M - a tin of tremorstones (2/2)
 Z - a phial of floods


   Skills:
 + Level 20.8 Fighting
 - Level 11.3 Short Blades
 - Level 18.0 Axes
 - Level 15.0 Armour
 + Level 15.9 Dodging
 - Level 2.0 Stealth
 + Level 20.7 Shields
 - Level 8.0 Invocations
 + Level 6.0 Evocations


You had 18 spell levels left.
You didn't know any spells.
Your spell library contained the following spells:

 Spells                   Type           Power      Damage    Failure   Level
 Foxfire                  Conj/Fire      0%         2x1d4     92%         1
 Freeze                   Ice            0%         1d3       92%         1
 Pain                     Necr           0%         1d4       92%         1
 Blink                    Tloc           N/A        N/A       98%         2
 Corpse Rot               Necr/Air       N/A        N/A       98%         2
 Ensorcelled Hibernation  Hex/Ice        0%         N/A       98%         2
 Poisonous Vapours        Pois/Air       0%         N/A       98%         2
 Slow                     Hex            0%         N/A       98%         2
 Wereblood                Tmut           0%         N/A       98%         2
 Confusing Touch          Hex            0%         N/A       100%        3
 Conjure Flame            Conj/Fire      0%         6-21      100%        3
 Dazzling Flash           Conj/Hex       0%         N/A       100%        3
 Frozen Ramparts          Ice            0%         1d2       100%        3
 Gell's Gravitas          Tloc           0%         N/A       100%        3
 Ignite Poison            Fire/Tmut/Pois 0%         N/A       100%        3
 Inner Flame              Hex/Fire       0%         N/A       100%        3
 Lesser Beckoning         Tloc           0%         N/A       100%        3
 Mephitic Cloud           Conj/Pois/Air  0%         N/A       100%        3
 Ozocubu's Armour         Ice            0%         N/A       100%        3
 Spider Form              Tmut/Pois      0%         N/A       100%        3
 Teleport Other           Tloc           0%         N/A       100%        3
 Vampiric Draining        Necr           0%         2d6       100%        3
 Flame Wave               Conj/Fire      0%         3d3       100%        4
 Hailstorm                Conj/Ice       0%         3d3       100%        4
 Ice Form                 Ice/Tmut       0%         N/A       100%        4
 Sticky Flame             Conj/Fire      0%         2d3       100%        4
 Agony                    Necr           0%         N/A       100%        5
 Blade Hands              Tmut           0%         N/A       100%        5
 Borgnjor's Vile Clutch   Necr/Erth      0%         N/A       100%        5
 Fireball                 Conj/Fire      0%         3d3       100%        5
 Freezing Cloud           Conj/Ice/Air   0%         6-21      100%        5
 Irradiate                Conj/Tmut      0%         3d14      100%        5
 Iskenderun's Battlesphe  Conj           0%         2d6       100%        5
 Manifold Assault         Tloc           0%         N/A       100%        5
 Metabolic Englaciation   Hex/Ice        0%         N/A       100%        5
 Silence                  Hex/Air        0%         N/A       100%        5
 Yara's Violent Unravell  Hex/Tmut       0%         3d3       100%        5
 Conjure Ball Lightning   Conj/Air       0%         3x3d6     100%        6
 Dispersal                Tloc           0%         N/A       100%        6
 Dragon Form              Tmut           0%         N/A       100%        7
 Orb of Destruction       Conj           0%         N/A       100%        7
 Ozocubu's Refrigeration  Ice            0%         4d5       100%        7
 Storm Form               Tmut/Air       0%         N/A       100%        7
 Animate Skeleton         Necr           Unusable   N/A       N/A         1
 Animate Dead             Necr           Unusable   N/A       N/A         4
 Summon Ice Beast         Ice/Summ       Unusable   N/A       N/A         4
 Death Channel            Necr           Unusable   N/A       N/A         6
 Simulacrum               Ice/Necr       Unusable   N/A       N/A         6

Dungeon Overview and Level Annotations

Branches:
Dungeon (15/15)            Temple (1/1) D:6            Lair (6/6) D:8
  Swamp (4/4) Lair:4       Spider (4/4) Lair:4          Orc (2/2) D:12
    Elf (3/3) Orc:2        Vaults (0/5) D:13         Depths (0/4) D:15
  IceCv (visited)
  Slime: Lair:5-6

Altars:
Elyvilon
Gozag
Makhleb
Nemelex Xobeh
Okawaru
Qazlal
Ru
Sif Muna
Trog
Uskayaw
Vehumet
Yredelemnul
Zin
Beogh

Shops:
Orc:2 *(=(   Elf:1 *   Elf:2 *   Elf:3 [

Portals:
Trove: D:15 (give 8 scrolls of fear)

Annotations:
D:7 exclusion: 6 doors
D:14 Roxanne
Lair:3 3 runed translucent doors, wakim's ghost, journeyman PaFi
Lair:5 exclusion: 2 oklob plants
Spider:2 2 transporters, exclusion: oklob plant, NigelTetley's ghost, adept MiFi; Xoff's ghost, adept OpCj; anonymous's ghost, journeyman NaFi
Spider:3 3 runed translucent doors, Duxop's ghost, adept TrMo
Spider:4 2 transporters, Qyzxaef's ghost, journeyman DrTm


Innate Abilities, Weirdness & Mutations

You have a pair of horns on your head.
You reflexively headbutt those who attack you in melee.
You are clumsy. (Dex -2)
Your body sometimes deteriorates upon taking damage.
Your flesh is heat resistant. (rF+)
You are frail. (-10% HP)
Potions are less effective at restoring your health.
Your spells are a little easier to cast, but a little less powerful.
You passively dampen the noise of your surroundings.


Message History

The deep elf death mage is lightly wounded.
You slice the deep elf annihilator!!
The deep elf death mage hits you but does no damage.
You block the deep elf annihilator's attack.
You slice the deep elf death mage!!
The deep elf death mage is heavily wounded.
You slash the deep elf annihilator!
You closely miss the deep elf death mage.
The deep elf death mage is heavily wounded.
You hit the deep elf annihilator.
The deep elf death mage hits you with a +0 long sword.
The deep elf annihilator misses you.
You slash the deep elf death mage! You headbutt the deep elf death mage!
The deep elf death mage is almost dead.
You slash the deep elf annihilator!
You block the deep elf death mage's attack.
You slice the deep elf death mage!!
The lost soul assumes the form of the deep elf death mage and becomes anchored to this world!
You headbutt the ghostly deep elf death mage!
The ghostly deep elf death mage is lightly damaged.
You hit the deep elf annihilator.
The deep elf annihilator points at you and mumbles some strange words.
The iron shot hits you!!!
* * * LOW HITPOINT WARNING * * *
Your body deteriorates!
You feel weakened.
Your system partially rejects the healing.
You feel much better.
The ghostly deep elf death mage hits you but does no damage.
The deep elf annihilator casts a spell at you.
The poison arrow hits you!!
You are poisoned.
You partially resist.
* * * LOW HITPOINT WARNING * * *
You block the ghostly deep elf death mage's attack.
Your system partially rejects the healing.
You feel much better.
You feel very sick.
The deep elf annihilator points at you and mumbles some strange words.
The bolt of lightning hits you!!
You die...

.....# ### ....... #..
.......## #[#
########......# #.#
#e@.)..##.....###[#
#e##(|.)##.....##)#
*)e.##|.).##....##[#
#.:..((####'##....##).
.'..).e:#
#...#...))[..
###:$.(.$'
#.....)..##..
#..(}.:#.#.⌠......####
##).:)##.#........#
#........#


You could see a deep elf annihilator, a ghostly deep elf death mage, a deep elf
sorcerer (fast) and a lost soul (summoned).

Vanquished Creatures
  Mlioglotl (Spider:1)
  Rupert (D:13)
  A tentacled monstrosity (Swamp:4)
  A deep elf blademaster (Elf:3)
  A deep elf master archer (Elf:3)
  2 thorn hunters
  A fenstrider witch (Swamp:2)
  Donald (Spider:1)
  A fire giant (D:15)
  A deep elf sorcerer (Elf:3)
  4 emperor scorpions (Spider:4)
  4 ghost moths
  An orc warlord (Orc:2)
  4 ghouls (Swamp:4)
  A deep elf elementalist (Elf:3)
  2 deep elf demonologists (Elf:3)
  4 entropy weavers
  Azrael (D:13)
  A white draconian (IceCv)
  3 deep elf annihilators
  2 spark wasps (Spider:4)
  2 bunyips
  6 eleionomae
  2 deep elf death magi (Elf:3)
  Josephine (D:13)
  2 deep elf high priests (Elf:3)
  2 fire dragons
  A great orb of eyes (D:13)
  19 hydras
  Erolcha (D:13)
  2 ogre magi (D:15)
  4 vault guards
  5 boulder beetles
  2 ghost crabs
  2 catoblepae
  8 alligators
  10 two-headed ogres
  The ghost of sn0wgr3 the Protected, a journeyman GrFi of Okawaru (D:10)
  21 dancing weapons
  13 centaur warriors
  3 death yaks (Lair:4)
  8 death scarabs (Spider:4)
  4 orc high priests (Orc:2)
  3 spriggans
  18 deep elf knights
  5 skeletal warriors (D:11)
  A spectral emperor scorpion (Spider:4)
  5 goliath frogs
  4 spriggan druids
  4 bog bodies
  14 swamp dragons
  6 deep elf archers
  3 lindwurms (Swamp:4)
  A wolf spider zombie (Spider:4)
  13 orb spiders
  5 spectral wolf spiders (Spider:4)
  An ugly thing (D:13)
  31 deep elf pyromancers
  16 deep elf zephyrmancers
  5 orc knights
  5 orc sorcerers
  35 wolf spiders
  5 will-o-the-wisps
  A moth of wrath (Spider:4)
  A shining eye (shapeshifter) (Elf:1)
  A cyclops (shapeshifter) (D:13)
  4 cyclopes
  4 manticores
  9 elephants
  2 black mambas
  2 ice statues (IceCv)
  2 torpor snails (Spider:2)
  A gargoyle (D:13)
  24 cane toads
  An efreet (D:12)
  A kobold demonologist (D:13)
  12 demonic crawlers
  2 spectral redbacks (Spider:4)
  12 rime drakes
  19 komodo dragons
  A tengu conjurer (D:14)
  3 redback zombies (Spider:4)
  A freezing wraith (D:14)
  5 trolls
  17 tyrant leeches
  3 polar bears
  46 jumping spiders
  4 spectral jumping spiders (Spider:4)
  4 spectral tarantellas (Spider:4)
  A tarantella zombie (Spider:4)
  19 slime creatures
  4 hornets
  22 blink frogs
  2 jumping spider zombies (Spider:4)
  A meliai zombie (D:11)
  A dream sheep (shapeshifter) (D:13)
  2 centaur simulacra (D:10)
  85 redbacks
  A shadow (D:11)
  27 tarantellas
  2 air elementals
  A vampire (D:12)
  7 water elementals
  6 wraiths
  43 yaks
  Sigmund (D:3)
  2 wyverns (Lair:5)
  5 basilisks
  7 fire elementals
  Grum (D:8)
  31 vampire mosquitoes
  10 wargs
  22 swamp worms
  3 hell hounds (D:13)
  14 water moccasins
  A meliai simulacrum (D:10)
  7 swamp drakes
  A hornet zombie (Spider:4)
  48 orc warriors
  8 ice beasts
  4 necrophages
  19 wolves
  19 ogres
  A boggart (D:13)
  18 centaurs
  4 phantoms
  2 kobold brigands (D:6)
  2 earth elementals
  12 bullfrogs
  2 scorpions
  2 wyvern zombies
  A wyvern skeleton (D:5)
  2 lindwurm simulacra (IceCv)
  10 electric eels
  A vampire bat (D:3)
  4 howler monkeys
  5 komodo dragon simulacra (IceCv)
  2 jellies
  4 centaur zombies
  3 hounds
  2 gnoll shamans
  3 iguanas
  32 orc priests
  A centaur skeleton (D:5)
  23 orc wizards
  Ijyb (D:3)
  2 hound skeletons
  A howler monkey zombie (D:6)
  A howler monkey skeleton (D:6)
  11 gnolls
  6 acid dragon simulacra (IceCv)
  7 adders
  2 shadow imps (D:5)
  16 white imps
  8 steam dragon simulacra (IceCv)
  An adder skeleton (D:4)
  A dart slug (D:2)
  3 fire bats (D:3)
  110 orcs
  2 spectral bats (D:3)
  3 bat skeletons (D:3)
  A bat zombie (D:3)
  3 endoplasms
  3 giant cockroaches
  4 goblins
  3 hobgoblins
  2 jackals (D:1)
  16 kobolds
  3 quokkas
  8 ball pythons
  12 bats
  A bat simulacrum (D:3)
  2 frilled lizards
  4 rats
1319 creatures vanquished.

Vanquished Creatures (collateral kills)
  A kobold (D:4)
1 creature vanquished.

Vanquished Creatures (others)
  3 deep elf knights
  A deep elf archer (Elf:1)
  3 bloated husks
  A spriggan (Swamp:4)
  A white imp (Lair:4)
  A bush (Lair:6)
  14 foxfires
  23 fungi
  102 plants
149 creatures vanquished.

Grand Total: 1469 creatures vanquished

Notes
Turn   | Place    | Note
-------+----------+-------------------------------------------
     0 | D:1      | pezzrr the Minotaur Fighter began the quest for the Orb.
     0 | D:1      | Reached XP level 1. HP: 19/19 MP: 0/0
   201 | D:1      | Reached XP level 2. HP: 27/27 MP: 1/1
   312 | D:1      | Reached skill level 1 in Stealth
   659 | D:1      | Found a faded altar of an unknown god.
   876 | D:2      | Reached XP level 3. HP: 33/33 MP: 2/2
  1071 | D:2      | Found a sacrificial altar of Ru.
  1521 | D:3      | Noticed Sigmund
  1962 | D:3      | Reached XP level 4. HP: 41/41 MP: 3/3
  2014 | D:3      | Reached skill level 5 in Fighting
  2153 | D:3      | Killed Sigmund
  2154 | D:3      | Reached XP level 5. HP: 44/52 MP: 4/4
  2154 | D:3      | Reached XP level 6. HP: 50/60 MP: 5/5
  2273 | D:3      | Noticed Ijyb
  2279 | D:3      | Killed Ijyb
  3335 | D:4      | Reached XP level 7. HP: 61/69 MP: 6/6
  3633 | D:4      | Found a hide-covered altar of Uskayaw.
  3970 | D:5      | Entered Level 5 of the Dungeon
  4145 | D:5      | Reached skill level 5 in Short Blades
  4152 | D:5      | Reached skill level 10 in Fighting
  4152 | D:5      | Reached XP level 8. HP: 71/79 MP: 7/7
  5244 | D:6      | Found a staircase to the Ecumenical Temple.
  5250 | Temple   | Entered the Ecumenical Temple
  5273 | Temple   | Became a worshipper of Warmaster Okawaru
  5347 | D:6      | You fall into a shaft and drop 3 floors!
  5347 | D:9      | Noticed a troll
  5437 | D:8      | Found a shimmering blue altar of Sif Muna.
  5507 | D:7      | Reached XP level 9. HP: 65/89 MP: 8/8
  6220 | D:6      | Reached * piety under Okawaru
  6725 | D:7      | Reached skill level 1 in Evocations
  7195 | D:7      | Reached skill level 10 in Short Blades
  7540 | D:8      | Found a sacrificial altar of Ru.
  7540 | D:8      | Found a basalt altar of Yredelemnul.
  7794 | D:8      | Reached ** piety under Okawaru
  7799 | D:8      | Noticed Grum
  7814 | D:8      | Killed Grum
  8085 | D:8      | Noticed a two-headed ogre
  8143 | D:7      | Killed a two-headed ogre
  8144 | D:7      | Reached XP level 10. HP: 76/99 MP: 9/9
  8207 | D:8      | Found a stormy altar of Qazlal.
  8242 | D:8      | Found a staircase to the Lair.
  8443 | D:8      | Found a burning altar of Makhleb.
  8743 | Lair:1   | Entered Level 1 of the Lair of Beasts
  8799 | Lair:1   | Reached skill level 1 in Axes
  9160 | Lair:1   | Reached *** piety under Okawaru
  9170 | Lair:1   | Reached skill level 5 in Axes
  9485 | Lair:1   | Reached **** piety under Okawaru
 10065 | Lair:2   | Reached XP level 11. HP: 97/105 MP: 10/10
 10122 | Lair:1   | Reached skill level 1 in Invocations
 10155 | Lair:2   | Reached ***** piety under Okawaru
 10243 | Lair:2   | Reached skill level 5 in Shields
 10633 | Lair:2   | Received a gift from Okawaru
 10730 | Lair:3   | Noticed wakim's ghost (journeyman PaFi)
 10732 | Lair:3   | Noticed a minotaur
 10760 | Lair:3   | Reached skill level 10 in Axes
 10866 | Lair:3   | Received a gift from Okawaru
 11285 | Lair:3   | Found a runed translucent gate.
 11285 | Lair:3   | Found a runed translucent gate.
 11285 | Lair:3   | Found a runed translucent gate.
 11663 | Lair:4   | Noticed a death yak
 11663 | Lair:4   | Noticed a death yak
 11663 | Lair:4   | Noticed a death yak
 11776 | Lair:4   | Killed a death yak
 11777 | Lair:4   | Reached skill level 5 in Invocations
 11779 | Lair:4   | Killed a death yak
 11789 | Lair:4   | Killed a death yak
 11913 | Lair:4   | Noticed a catoblepas
 11967 | Lair:4   | Noticed a bog body
 11976 | Lair:4   | Killed a bog body
 11977 | Lair:4   | Reached XP level 12. HP: 65/113 MP: 13/15
 12047 | Lair:4   | Found a staircase to the Swamp.
 12117 | Lair:4   | Found a frozen archway.
 12179 | IceCv    | Entered an ice cave
 12630 | IceCv    | Noticed a white draconian
 12652 | IceCv    | Killed a white draconian
 12766 | IceCv    | Identified the ring "Ujab" {rCorr EV+4 Int+9 Dex-4 Stlth+}
 13058 | Lair:4   | Reached skill level 10 in Shields
 13218 | Lair:4   | Identified the +1 hat "Qehitt" {rCorr} (Okawaru gifted it
                  | to you on level 4 of the Lair of Beasts)
 13218 | Lair:4   | Received a gift from Okawaru
 13391 | Lair:4   | Found a hole to the Spider Nest.
 13762 | Lair:5   | You fall into a shaft and drop 1 floor!
 13762 | Lair:6   | Entered Level 6 of the Lair of Beasts
 13890 | Lair:6   | Reached XP level 13. HP: 109/119 MP: 18/18
 14370 | Lair:5   | Reached ****** piety under Okawaru
 14516 | Lair:5   | Noticed Sonja
 14525 | Lair:5   | Noticed Sonja
 14525 | Lair:5   | Sonja changed into Sonja the orb spider
 14541 | Lair:5   | Killed Sonja the orb spider
 14582 | Lair:5   | Received a gift from Okawaru
 15363 | Lair:6   | Reached skill level 15 in Axes
 15984 | Lair:6   | Reached XP level 14. HP: 112/127 MP: 19/19
 16013 | Lair:6   | Received a gift from Okawaru
 16059 | Lair:6   | Identified the +1 quarterstaff "Qaer Vam" {vorpal, rPois
                  | Dex+6}
 17834 | D:10     | Entered Level 10 of the Dungeon
 17852 | D:10     | Found a runed translucent gate.
 17860 | D:10     | Found a runed translucent gate.
 17861 | D:10     | Found a runed translucent gate.
 18462 | D:10     | Noticed sn0wgr3's ghost (journeyman GrFi)
 18900 | D:10     | Killed sn0wgr3's ghost
 18953 | D:10     | Got the ring of Qowetz {Fire rN++}
 19078 | D:11     | Reached skill level 5 in Armour
 19135 | D:11     | Reached skill level 15 in Shields
 20215 | D:12     | Received a gift from Okawaru
 20254 | D:12     | Identified the +2 arbalest "Xiasch" {freeze, Will+++}
 20277 | D:12     | Found a staircase to the Orcish Mines.
 20292 | D:12     | Reached skill level 1 in Dodging
 21234 | D:13     | Received a gift from Okawaru
 21389 | D:13     | Found a gate to the Vaults.
 21394 | D:13     | Noticed Erolcha
 21421 | D:13     | Killed Erolcha
 21536 | D:13     | Noticed Azrael
 21558 | D:13     | Killed Azrael
 21841 | D:13     | Reached XP level 15. HP: 98/136 MP: 20/20
 22002 | D:13     | Noticed Josephine
 22009 | D:13     | Noticed Rupert
 22011 | D:13     | Killed Josephine
 22014 | D:13     | Reached skill level 5 in Dodging
 22029 | D:13     | Killed Rupert
 22710 | D:14     | Received a gift from Okawaru
 22888 | D:14     | You fall into a shaft and drop 1 floor!
 22888 | D:15     | Entered Level 15 of the Dungeon
 23168 | D:14     | Noticed Roxanne
 23175 | D:14     | Reached skill level 10 in Armour
 23585 | D:15     | Found a bloodstained altar of Trog.
 23741 | D:15     | Found a staircase to the Depths.
 24226 | D:15     | Found a portal to a secret trove of treasure.
 24405 | D:15     | Reached skill level 15 in Fighting
 24635 | Orc:1    | Entered Level 1 of the Orcish Mines
 25222 | Orc:2    | Entered Level 2 of the Orcish Mines
 25883 | Orc:2    | Found Ihu Suef's Antique Weapon Emporium.
 25896 | Orc:2    | Reached XP level 16. HP: 145/149 MP: 21/21
 25908 | Orc:2    | Found Ibalymas's Assorted Antiques.
 25916 | Orc:2    | Received a gift from Okawaru
 25926 | Orc:2    | Bought a pair of embroidered boots for 225 gold pieces
 26294 | Orc:2    | Found a staircase to the Elven Halls.
 26623 | Orc:2    | Found Tusapoam's Jewellery Shoppe.
 26706 | Orc:2    | Found Ypsoic's Antique Weapon Shop.
 26927 | Orc:2    | Bought the necklace of Bloodlust {*Rage Will++ Int-3
                  | Slay+6} for 555 gold pieces
 26927 | Orc:2    | Found the necklace of Bloodlust {*Rage Will++ Int-3 Slay+6}
 27005 | Orc:2    | Bought a scroll labelled UWESIR QEUSAB for 30 gold pieces
 27393 | Swamp:1  | Entered Level 1 of the Swamp
 28374 | Orc:2    | Bought a ring of poison resistance for 280 gold pieces
 29045 | Swamp:2  | Received a gift from Okawaru
 29103 | Swamp:2  | Reached skill level 10 in Dodging
 29370 | Swamp:2  | HP: 3/152 [thorn hunter/volley of thorns (24)]
 30233 | Swamp:2  | Identified 3 scrolls of acquirement
 31419 | Swamp:4  | Entered Level 4 of the Swamp
 32037 | Swamp:4  | Reached XP level 17. HP: 140/161 MP: 22/22
 32256 | Swamp:4  | Received a gift from Okawaru
 32911 | Swamp:4  | Got a decaying rune of Zot
 33187 | Swamp:4  | Acquired a +1 hat of willpower
 33200 | Swamp:4  | Acquired a manual of Shields
 33202 | Swamp:4  | Acquired 742 gold pieces
 33348 | Spider:1 | Entered Level 1 of the Spider Nest
 33368 | Spider:1 | Noticed Donald
 33385 | Spider:1 | Killed Donald
 34072 | Spider:1 | Noticed Mlioglotl
 34084 | Spider:1 | Killed Mlioglotl
 34085 | Spider:1 | Reached skill level 15 in Armour
 34437 | Spider:1 | Received a gift from Okawaru
 35161 | Spider:2 | Got Qeyfumocs's Collected Works on Scorching Shape Shifting
 35171 | Spider:2 | Found a transporter.
 35171 | Spider:2 | Found a transporter.
 35360 | Spider:2 | Noticed NigelTetley's ghost (adept MiFi)
 35372 | Spider:2 | Noticed anonymous's ghost (journeyman NaFi)
 35377 | Spider:2 | Noticed Xoff's ghost (adept OpCj)
 35620 | Spider:3 | HP: 7/166 [jumping spider (11)]
 36090 | Spider:3 | Acquired 945 gold pieces
 36234 | Spider:3 | Noticed Duxop's ghost (adept TrMo)
 36317 | Spider:3 | Found a runed translucent gate.
 36317 | Spider:3 | Found a runed translucent gate.
 36317 | Spider:3 | Found a runed translucent gate.
 36612 | Spider:3 | Reached XP level 18. HP: 174/174 MP: 23/23
 36623 | Spider:3 | Received a gift from Okawaru
 36836 | Spider:4 | Entered Level 4 of the Spider Nest
 37200 | Spider:4 | Noticed Qyzxaef's ghost (journeyman DrTm)
 37204 | Spider:4 | Found a transporter.
 37218 | Spider:4 | Found a transporter.
 37322 | Spider:4 | Identified the +3 hunting sling "Ydwielaq" {vorpal, Fly rC+
                  | rN+ Stlth+}
 38900 | Spider:4 | Received a gift from Okawaru
 38928 | Spider:4 | Got a gossamer rune of Zot
 39587 | Elf:1    | Entered Level 1 of the Elven Halls
 40366 | Elf:1    | Reached skill level 15 in Dodging
 40650 | Elf:1    | Found a radiant altar of Vehumet.
 40970 | Elf:1    | Gained mutation: Armour fits poorly on your strangely
                  | shaped body. [a shining eye]
 40977 | Elf:1    | Lost mutation: Armour fits poorly on your strangely shaped
                  | body. [potion of mutation]
 40977 | Elf:1    | Gained mutation: You are weak. (Str -2) [potion of
                  | mutation]
 40977 | Elf:1    | Gained mutation: Your spells are a little easier to cast,
                  | but a little less powerful. [potion of mutation]
 40977 | Elf:1    | Gained mutation: Armour fits poorly on your strangely
                  | shaped body. [potion of mutation]
 40977 | Elf:1    | Gained mutation: You have sharp fingernails. [potion of
                  | mutation]
 40978 | Elf:1    | Lost mutation: Your spells are a little easier to cast, but
                  | a little less powerful. [potion of mutation]
 40978 | Elf:1    | Lost mutation: You have sharp fingernails. [potion of
                  | mutation]
 40978 | Elf:1    | Lost mutation: You are weak. (Str -2) [potion of mutation]
 40978 | Elf:1    | Gained mutation: You possess an exceptional clarity of
                  | mind. [potion of mutation]
 40978 | Elf:1    | Gained mutation: You passively dampen the noise of your
                  | surroundings. [potion of mutation]
 40978 | Elf:1    | Gained mutation: Your flesh is heat resistant. (rF+)
                  | [potion of mutation]
 40981 | Elf:1    | Lost mutation: You possess an exceptional clarity of mind.
                  | [potion of mutation]
 40981 | Elf:1    | Lost mutation: Armour fits poorly on your strangely shaped
                  | body. [potion of mutation]
 40981 | Elf:1    | Gained mutation: Your natural rate of healing is unusually
                  | fast. [potion of mutation]
 40981 | Elf:1    | Gained mutation: You are clumsy. (Dex -2) [potion of
                  | mutation]
 40981 | Elf:1    | Gained mutation: You have hidden genetic defects. [potion
                  | of mutation]
 41303 | Elf:1    | Found Ceoch's General Store.
 41310 | Elf:1    | Bought a scroll of identify for 40 gold pieces
 41484 | Elf:2    | Found Ysmiq's Assorted Antiques.
 41497 | Elf:2    | Bought a scroll of identify for 80 gold pieces
 41497 | Elf:2    | Bought a scroll of identify for 80 gold pieces
 41896 | Elf:2    | Found the amulet of Vitality {Regen+ HP+15}
 41938 | Elf:2    | Found a huge runed translucent gate.
 41938 | Elf:2    | Found a huge runed translucent gate.
 41938 | Elf:2    | Found a huge runed translucent gate.
 41938 | Elf:2    | Found a huge runed translucent gate.
 41939 | Elf:2    | Found a huge runed translucent gate.
 42170 | Elf:2    | Received a gift from Okawaru
 42178 | Elf:2    | Reached XP level 19. HP: 126/187 MP: 24/24
 42343 | Elf:2    | Gained mutation: Your body sometimes deteriorates upon
                  | taking damage. [hidden defects]
 42385 | Elf:2    | Reached skill level 5 in Evocations
 42577 | Elf:3    | Entered Level 3 of the Elven Halls
 42577 | Elf:3    | Found Petagryr's Armour Shoppe.
 42732 | Elf:3    | HP: 7/178 [deep elf high priest/divine providence (10)]
 42733 | Elf:3    | HP: 3/178 [poisoned by a deep elf blademaster]
 43018 | Elf:3    | Gained mutation: You are frail. (-10% HP) [a cacodemon]
 43019 | Elf:3    | Lost mutation: Your natural rate of healing is unusually
                  | fast. [a cacodemon]
 43021 | Elf:3    | Gained mutation: Potions are less effective at restoring
                  | your health. [a cacodemon]
 43051 | Elf:3    | Received a gift from Okawaru
 43063 | Elf:3    | Identified the amulet "Valeutt" {Reflect Drain Str+7 Int+2
                  | SH+5}
 43070 | Elf:3    | Gained mutation: Your spells are a little easier to cast,
                  | but a little less powerful. [hidden defects]
 43070 | Elf:3    | Lost mutation: You have hidden genetic defects. [hidden
                  | defects expressed]
 43083 | Elf:2    | HP: 3/252 [deep elf blademaster (12)]
 43088 | Elf:2    | HP: 1/168 [deep elf blademaster (17)]
 43672 | Elf:3    | Identified the +1 great mace "Oregava" {freeze, *Corrode
                  | rF++ rC+++ Stlth-}
 43708 | Elf:3    | Identified the +4 morningstar "Sefodag" {antimagic,
                  | *Corrode rPois Int+2}
 43708 | Elf:3    | Identified the +8 war axe of Burnt Gallantry {flame, Contam
                  | Int+6 Dex+4 Stlth+}
 43720 | Elf:3    | Identified the +6 flail of Dawn {freeze, Contam Int+3
                  | Dex+4}
 43742 | Elf:3    | Killed from afar by a deep elf annihilator

Illustrated notes

Levels and vault maps discovered:
D:1:      pf_arrival_petrified_forest, layout_loops_ring,
          basic_ecumenical_altar, hex_tiny
D:2:      layout_loops_cross, basic_altar, minmay_3d_cube
D:3:      layout_basic, goddamned_bats, uniq_ijyb, uniq_sigmund
D:4:      layout_gridville, mainiacjoe_overflow_concentric_impassable
D:5:      layout_cave_pools
D:6:      layout_basic, minmay_temple_entry_wispy, portal_sewer_entry_d,
          fountainhead, amcnicky_mini_pool_small, amcnicky_mini_corridor_feature
D:7:      layout_cave_pods, chequers_serial_rivers_small_a, kennysheep_donut,
          kennysheep_generic_room_14
D:8:      layout_basic, mainiacjoe_overflow_alcove_1, kennysheep_little_box,
          makhleb_blood_cavern_becter, gammafunk_temple_overflow_elements,
          david_lair_shrubbed, uniq_grum
D:9:      layout_basic
D:10:     layout_layer_cave, gammafunk_ghost_icy, corexii_corridor_pit
D:11:     layout_basic
D:12:     layout_basic, david_orc_1_choice
D:13:     minmay_cut_squares, layout_irregular_city,
          lightli_vaults_fourway_checkpoint, uniq_azrael, uniq_erolcha,
          uniq_rupert, uniq_josephine
D:14:     layout_loops_cross, chequers_serial_rivers_small_b,
          gauntlet_entry_generic, uniq_roxanne
D:15:     grunt_enter_depths_giant_problem, layout_irregular_city,
          enter_trove_3, lemuel_tele_altar
Temple:   nicolae_temple_elliptical
Lair:1:   layout_layer_cave, infiniplex_staircase_pool_2
Lair:2:   layout_roguey, grunt_megastairs_1
Lair:3:   layout_regular_city, maelrawn_ghost_gauntlet_escape,
          serial_bayou_shore_a, grunt_megastairs_2
Lair:4:   layout_hall_layers, nicolae_swamp_entry_splash_gauntlet,
          nicolae_spider_entry_tight_spaces, portal_ice_cave_entry_imps,
          serial_bayou_lake_a, lemuel_fruit_fields
Lair:5:   layout_layer_cave, minmay_slime_entry_oklob_open, uniq_sonja
Lair:6:   minmay_lair_end_frog_pond, layout_regular_city
Swamp:1:  layout_basic_swamp, evilmike_swamp_ruin_house_3
Swamp:2:  layout_basic_swamp, evilmike_swamp_ruin_rubble_1,
          infiniplex_staircase_pool
Swamp:3:  layout_basic_swamp, nicolae_swamp_feature_on_the_river_bank,
          nicolae_swamp_bloodsuckers_inc
Swamp:4:  swamp_alternative, layout_basic_swamp
Spider:1: layout_spider_delve, uniq_donald, uniq_mlioglotl
Spider:2: layout_spider_delve, nzn_ghost_randoct
Spider:3: layout_spider_delve, gammafunk_ghost_split
Spider:4: floodkiller_spider_rune_tomb, gammafunk_ghost_arena
Orc:1:    layout_diamond_mine, nooodl_orcs_dogs
Orc:2:    pubby_orc_utopia
Elf:1:    minmay_elf_arrival_plus, layout_geoelf_diagonals, serial_shops, shop,
          basic_altar, hangedman_corner_corridor,
          serial_sigils_hangedman_confine, minmay_elf_annihilation
Elf:2:    elven_hall_of_blades_hangedman_alternative
          [infiniplex_blade_entry_pillars], layout_loops_ring, serial_shops,
          nicolae_diamond_shop, dk_noncrumbling_2, roderic_roman_lattice
Elf:3:    grunt_elf_hall_spiral, layout_geoelf_octagon, serial_shops,
          nicolae_shop_trees

Skill      XL: |  1  2  3  4  5  6  7  8  9 10 11 12 13 14 15 16 17 18 19 |
---------------+----------------------------------------------------------+-----
Stealth        | 1 2 |  2.0
Fighting       | 4 7 8 10 11 12 13 15 17 18 20 | 20.8
Short Blades   | 5 8 11 | 11.3
Evocations     | 2 3 4 6 |  6.0
Axes           | 8 11 13 16 17 18 | 18.0
Shields        | 4 8 11 14 15 17 20 | 20.7
Invocations    | 5 8 |  8.0
Armour         | 8 11 14 15 | 15.0
Dodging        | 4 8 11 13 15 | 15.9

Action                   |  1- 3 |  4- 6 |  7- 9 | 10-12 | 13-15 | 16-18 | 19-21 || total
-------------------------+-------+-------+-------+-------+-------+-------+-------++-------
Melee: Rapier            |    93 |    16 |       |       |       |       |       ||   109
       Headbutt          |     7 |    18 |   104 |   134 |   273 |   240 |    18 ||   794
       Short sword       |       |    75 |   365 |    22 |   137 |    51 |       ||   650
       Broad axe         |       |       |       |   478 |  1363 |  1169 |   198 ||  3208
       War axe           |       |       |       |       |       |    60 |       ||    60
Throw: Dart              |     9 |       |     8 |       |       |       |       ||    17
Invok: Finesse           |       |       |       |     3 |     2 |    13 |     5 ||    23
       Heroism           |       |       |       |     1 |       |     2 |     1 ||     4
Evoke: Wand              |       |       |       |     1 |     1 |       |       ||     2
       Phial of floods   |       |       |       |       |     1 |       |     1 ||     2
       Tin of tremorston |       |       |       |       |       |     3 |       ||     3
  Use: Scroll            |       |     3 |     7 |     4 |     8 |    25 |     4 ||    51
       Potion            |       |       |       |     1 |     1 |     5 |     8 ||    15
 Stab: Petrified         |       |       |       |     2 |       |       |       ||     2
       Distracted        |       |       |       |       |     1 |       |       ||     1
Armor: Scale mail        |    42 |    62 |   104 |     5 |       |       |       ||   213
       Plate armour      |       |       |       |   273 |   335 |   669 |    80 ||  1357
       Chain mail        |       |       |       |       |   173 |    24 |       ||   197
Dodge: Dodged            |    40 |    55 |   120 |   165 |   474 |   696 |    64 ||  1614
       Repelled          |       |       |       |       |       |     7 |     6 ||    13
Block: Buckler           |    19 |    34 |    67 |    98 |       |       |       ||   218
       Kite shield       |       |       |       |   107 |   833 |  1016 |   140 ||  2096

Table legend: (Time is in decaauts)
 A = Elapsed time spent in this place.
 B = Non-inter-level travel time spent in this place.
 C = Inter-level travel time spent in this place.
 D = Time resting spent in this place.
 E = Time spent auto-exploring this place.
 F = Levels seen in this place.
 G = Mean time per level.
                   A        B        C        D        E       F      G
               +--------+--------+--------+--------+--------+-----+--------+
         Total |  44198 |  41130 |   3068 |   8258 |  20732 |  36 | 1227.7 |
       Dungeon |  16052 |  14718 |   1334 |   1355 |   9305 |  15 | 1070.1 |
        Temple |     42 |     42 |      0 |      0 |      0 |   1 |   42.0 |
          Lair |   8905 |   8077 |    828 |   1129 |   4651 |   6 | 1484.2 |
         Swamp |   5363 |   5160 |    203 |   1815 |   2035 |   4 | 1340.8 |
   Spider Nest |   6200 |   6099 |    101 |   2303 |   1653 |   4 | 1550.0 |
  Orcish Mines |   2613 |   2165 |    448 |      0 |   1495 |   2 | 1306.5 |
   Elven Halls |   4280 |   4127 |    153 |   1482 |   1452 |   3 | 1426.7 |
      Ice Cave |    739 |    739 |      0 |    172 |    139 |   1 |  739.0 |
               +--------+--------+--------+--------+--------+-----+--------+

Top non-repeatable levels by time:
Spider:4: 2570 daAuts
  Lair:1: 2439 daAuts
   Orc:2: 1997 daAuts
   Elf:1: 1935 daAuts
   Elf:2: 1872 daAuts
 Swamp:3: 1791 daAuts
Spider:1: 1720 daAuts
  Lair:4: 1610 daAuts
  Lair:5: 1575 daAuts
 Swamp:4: 1401 daAuts
     D:3: 1325 daAuts
  Lair:6: 1301 daAuts
    D:12: 1277 daAuts
     D:5: 1259 daAuts
 Swamp:1: 1256 daAuts
